 Dungeon Crawl Stone Soup version 0.30-a0-852-g08b95dd62f (webtiles) character file.

Game seed: 7667006833270897218

352 cforsyth the Magician (level 6, -1/32 HPs)
             Began as a Deep Elf Earth Elementalist on Mar 5, 2023.
             Slain by a scorpion (7 damage)
             ... on level 5 of the Dungeon.
             The game lasted 00:03:21 (3363 turns).

cforsyth the Magician (Deep Elf Earth Elementalist) Turns: 3363, Time: 00:03:21

Health: -1/32      AC:  2    Str: 11    XL:     6   Next: 35%
Magic:  13/17      EV: 12    Int: 24    God:
Gold:   208        SH:  0    Dex: 15    Spells: 17/18 levels left

rFire   . . .      SeeInvis .    o - +7 mace of the Sage {freeze, rElec Str+6 Int+2}
rCold   . . .      Faith    .    (no shield)
rNeg    . . .      Spirit   .    a - +0 robe
rPois   .          Reflect  .    (no helmet)
rElec   +          Rampage  .    e - scarf {repulsion}
rCorr   .                        (no gloves)
Will    .....                    (no boots)
Stlth   ++                       (no amulet)
HPRegen 0.25/turn                (no ring)
MPRegen 0.15/turn                (no ring)

@: lethally poisoned (-1 -> -3), repel missiles
A: no striking features
a: no special abilities


You were on level 5 of the Dungeon.
You visited 1 branch of the dungeon, and saw 5 of its levels.

You collected 208 gold pieces.

Inventory:

Hand Weapons
 o - the +7 mace of the Sage (weapon) {freeze, rElec Str+6 Int+2}
   (You found it on level 3 of the Dungeon)

   Str:       It affects your strength (+6).
   Int:       It affects your intelligence (+2).
   rElec:     It insulates you from electricity.
Armour
 a - a +0 robe (worn)
 e - a scarf of repulsion (worn)
Jewellery
 i - a +4 ring of protection
 r - a ring of positive energy
Wands
 q - a wand of flame (23)
Scrolls
 c - 2 scrolls of teleportation {unknown}
 h - 2 scrolls of identify {unknown}
 k - a scroll of enchant weapon {unknown}
 l - 2 scrolls of immolation {unknown}
 n - a scroll of fear {unknown}
 p - a scroll of magic mapping {unknown}
Potions
 b - 2 potions of magic
 d - a potion of might {unknown}
 f - a potion of flight {unknown}
 g - a potion of brilliance {unknown}
 j - a potion of berserk rage {unknown}
 m - a potion of haste {unknown}


   Skills:
 - Level 2.4 Dodging
 - Level 2.4 Stealth
 + Level 6.7 Spellcasting
 - Level 1.1 Transmutations
 + Level 6.0 Earth Magic


You had 17 spell levels left.
You knew the following spells:

 Your Spells              Type           Power      Damage    Failure   Level
a - Sandblast             Erth           74%        2d16      1%          1

Your spell library contained the following spells:

 Spells                   Type           Power      Damage    Failure   Level
 Passwall                 Tmut/Erth      20%        N/A       2%          2
 Stone Arrow              Conj/Erth      44%        3d9       6%          3
 Freeze                   Ice            32%        1d5       8%          1
 Cigotuvi's Dreadful Rot  Necr/Pois/Air  16%        N/A       11%         2
 Poisonous Vapours        Pois/Air       16%        N/A       11%         2
 Petrify                  Tmut/Erth      25%        N/A       17%         4
 Frozen Ramparts          Ice            16%        1d3       22%         3
 Hailstorm                Conj/Ice       8%         3d4       22%         3
 Mephitic Cloud           Conj/Pois/Air  8%         N/A       22%         3
 Ozocubu's Armour         Ice            8%         N/A       22%         3
 Ozocubu's Refrigeration  Ice            4%         4d8       100%        7


Dungeon Overview and Level Annotations

Branches:
Dungeon (5/15)
 Temple: D:4-7

Altars:
Kikubaaqudgha
Yredelemnul


Message History

The hound misses you. The hound barely misses you.
Casting: Sandblast (safe; 1% risk of failure)
Confirm with . or Enter, or press ? or * to list all spells.
Aiming: Sandblast (safe; 1% risk of failure)
Press: ? - help, Shift-Dir - straight line, f/p - hound
Aim: a hound (almost dead, 78% to hit)
The blast of sand hits the hound!
You kill the hound!
The adder bites you.
You are poisoned.
The adder poisons you! The sleepcap releases spores at you.
You are engulfed in a cloud of soporific spores!
You fall asleep.
You feel sick. The adder bites you.
You wake up.
The orc barely misses you. The sleepcap releases spores at you.
You are engulfed in a cloud of soporific spores!
The adder closely misses you.
Unknown command.
Unknown command.
Unknown command.
Unknown command.
Unknown command.
Casting: Sandblast (safe; 1% risk of failure)
Confirm with . or Enter, or press ? or * to list all spells.
Aiming: Sandblast (safe; 1% risk of failure)
Press: ? - help, Shift-Dir - straight line, f - sleepcap
Aim: a sleepcap (severely damaged, 100% to hit)
The blast of sand hits the sleepcap!
You destroy the sleepcap!
You feel sick. The adder closely misses you. The orc barely misses you.
The hound bites you. The orc hits you with a +0 flail.
* * * LOW HITPOINT WARNING * * *
The adder bites you but does no damage.
Your Earth Magic skill increases to level 6!
Unknown command.
Unknown command.
You feel sick. The scorpion misses you. The hound bites you.
* * * LOW HITPOINT WARNING * * *
The scorpion stings you!
You die...

#.# #...# #... #.#
#...#+#... #.# #.........
#.######.........
#.....##.........
#####......(..#...##.
#...#.............#..
.#####...#.............'..
........h@.....#...##.##..
........Sso..>.#...##.##..
#.....†#.o....#...##.##..
##..##.##.....#...##.##..
## #$#.#....#...##+##..
#†.###........ #.. #...
##)....... #.. #....
....... #.. ...._# .. ##.


You could see a scorpion, a hound, an adder and 2 orcs.

Vanquished Creatures
  A scorpion (D:3)
  3 hounds (D:5)
  4 sleepcaps
  Robin (D:3)
  2 adders
  A worm (D:3)
  A dart slug (D:2)
  2 orcs (D:4)
  6 endoplasms
  A giant cockroach (D:1)
  11 hobgoblins
  5 quokkas
  5 ball pythons (D:2)
  6 bats
  2 frilled lizards (D:1)
  17 goblins
  A kobold (D:3)
  5 rats
74 creatures vanquished.

Notes
Turn   | Place    | Note
-------+----------+-------------------------------------------
     0 | D:1      | cforsyth the Deep Elf Earth Elementalist began the quest
                  | for the Orb.
     0 | D:1      | Reached XP level 1. HP: 10/10 MP: 6/6
   179 | D:1      | Reached XP level 2. HP: 11/15 MP: 1/8
   929 | D:2      | Reached XP level 3. HP: 19/19 MP: 6/10
  1604 | D:2      | Identified the +5 flail of Irritation {freeze, rElec}
  1705 | D:3      | Noticed a scorpion
  1714 | D:3      | Killed a scorpion
  1715 | D:3      | Reached skill level 5 in Spellcasting
  1715 | D:3      | Reached XP level 4. HP: 24/24 MP: 8/13
  2164 | D:3      | Identified the +7 mace of the Sage {freeze, rElec Str+6
                  | Int+2}
  2208 | D:3      | Noticed Robin
  2212 | D:3      | Killed Robin
  2213 | D:3      | Reached skill level 5 in Earth Magic
  2396 | D:3      | Reached XP level 5. HP: 28/28 MP: 12/14
  2880 | D:4      | You fall into a shaft and drop 1 floor!
  2880 | D:5      | Entered Level 5 of the Dungeon
  3035 | D:5      | Reached XP level 6. HP: 12/32 MP: 13/17
  3148 | D:5      | Found an ancient bone altar of Kikubaaqudgha.
  3354 | D:5      | Found a basalt altar of Yredelemnul.
  3363 | D:5      | Slain by a scorpion

Illustrated notes

Levels and vault maps discovered:
D:1:      dpeg_arrival_arbitrary_b, layout_basic
D:2:      layout_basic
D:3:      layout_basic, uniq_robin
D:4:      layout_rooms, solitary_fountain, kennysheep_generic_room_11
D:5:      layout_basic, nicolae_kikubaaqudgha_miasma_corner,
          minmay_temple_entry_nine_rooms, dk_noncrumbling_4,
          minmay_ruined_shrine

Skill      XL: |  1  2  3  4  5  6 |
---------------+-------------------+-----
Spellcasting   | 4 5 6 |  6.7
Earth Magic    | 4 5 6 |  6.0
Dodging        | |  2.4
Stealth        | |  2.4
Transmutations | |  1.1

Action                     |  1- 3 |  4- 6 || total
---------------------------+-------+-------++-------
   Cast: Sandblast         |    45 |    58 ||   103
    Use: Potion            |       |     1 ||     1
 Armour: Robe              |     4 |     5 ||     9
  Dodge: Dodged            |     9 |    21 ||    30

Table legend: (Time is in decaauts)
 A = Elapsed time spent in this place.
 B = Non-inter-level travel time spent in this place.
 C = Inter-level travel time spent in this place.
 D = Time resting spent in this place.
 E = Time spent auto-exploring this place.
 F = Levels seen in this place.
 G = Mean time per level.
                   A        B        C        D        E       F      G
               +--------+--------+--------+--------+--------+-----+--------+
         Total |   3413 |   3341 |     72 |    327 |   2578 |   5 |  682.6 |
       Dungeon |   3413 |   3341 |     72 |    327 |   2578 |   5 |  682.6 |
               +--------+--------+--------+--------+--------+-----+--------+

Top non-repeatable levels by time:
     D:3: 1010 daAuts
     D:2: 863 daAuts
     D:1: 855 daAuts
     D:5: 489 daAuts
     D:4: 193 daAuts
